 Dungeon Crawl Stone Soup version 0.22-a0-433-gd2a9cce (webtiles) character file.

698 Gorice the Cudgeler (level 7, -3/46 HPs)
             Began as a Demonspawn Wanderer on May 28, 2018.
             Slain by an orc warrior
             ... wielding a +0 mace
              (7 damage)
             ... on level 5 of the Dungeon.
             The game lasted 00:18:42 (6180 turns).

Gorice the Cudgeler (Demonspawn Wanderer)           Turns: 6180, Time: 00:18:43

Health: -3/46      AC:  9    Str: 14    XL:     7   Next: 38%
Magic:  11/11      EV: 10    Int: 13    God:
Gold:   179        SH:  0    Dex: 13    Spells: 11/12 levels left

rFire    . . .     SeeInvis .   a - +2 mace
rCold    + . .     Gourm    .   (no shield)
rNeg     . . .     Faith    .   w - +2 ring mail {rC+}
rPois    .         Spirit   .   (helmet unavailable)
rElec    .         Reflect  .   (no cloak)
rCorr    .         Harm     .   (no gloves)
MR       .....                  o - +0 pair of boots
Stlth    +.........             (no amulet)
HPRegen  0.15/turn              s - +3 ring of slaying
MPRegen  0.12/turn              (no ring)

@: lethally poisoned (-3 -> -5)
A: horns 3, powered by pain 1
a: no special abilities


You were on level 5 of the Dungeon.
You were not hungry.

You visited 1 branch of the dungeon, and saw 5 of its levels.

You collected 179 gold pieces.

Inventory:

Hand Weapons
 a - a +2 mace (weapon)
 b - a +0 hunting sling
 p - a +0 flail
 q - a +2 halberd of flaming
   (You took it off a gnoll on level 3 of the Dungeon)
 t - a +0 blowgun
Missiles
 g - a poisoned needle
 l - 7 javelins (quivered)
 n - 66 sling bullets
 Y - 78 stones
Armour
 d - a +0 robe
 j - a +1 scale mail
 o - a +0 pair of boots (worn)
 w - a +2 ring mail of cold resistance (worn)
   (You found it on level 4 of the Dungeon)
Jewellery
 s - a +3 ring of slaying (left hand)
Wands
 c - a wand of random effects (7)
Scrolls
 k - 2 scrolls of remove curse
 m - 2 scrolls of fear {!r}
 r - a scroll of teleportation {!r}
 v - a scroll of magic mapping {unknown}
 y - a scroll of blinking
 A - a scroll of enchant weapon {unknown}
Potions
 e - 3 potions of heal wounds {!q}
 h - 4 potions of curing
 i - 3 potions of flight {unknown}
 u - a potion of invisibility {unknown}
 x - a potion of berserk rage {unknown}
 z - 2 potions of might {unknown}
 C - a potion of mutation {unknown}
Comestibles
 f - 9 rations
 B - 10 chunks of flesh


   Skills:
 * Level 6.2 Maces & Flails
 + Level 4.4 Armour
 - Level 1.0 Stealth
 - Level 3.0 Spellcasting
   Level 1.0 Conjurations
 - Level 1.0 Translocations
 - Level 1.0 Evocations


You had 11 spell levels left.
You knew the following spells:

 Your Spells              Type           Power        Failure   Level  Hunger
A - Apportation           Tloc           #.....       28%         1    #......

Your spell library contained the following spells:

 Spells                   Type           Power        Failure   Level  Hunger
 Summon Small Mammal      Summ           #...         41%         1    #......
 Animate Skeleton         Necr           N/A          41%         1    #......
 Shock                    Conj/Air       #...         34%         1    #......
 Confusing Touch          Hex            #.....       41%         1    #......
 Dazzling Spray           Conj/Hex       #.....       71%         3    ###....


Dungeon Overview and Level Annotations

Branches:
Dungeon (5/15)
 Temple: D:4-7

Altars:
Qazlal
Ru

Shops:
D:5 ?=


Innate Abilities, Weirdness & Mutations

You have a pair of large horns on your head.
You sometimes gain a little power by taking damage.


Message History

The worker ant is severely wounded.
The worker ant closely misses you.
You hit the worker ant.
The worker ant is almost dead.
The worker ant bites you but does no damage.
You closely miss the worker ant.
The worker ant is almost dead.
The worker ant bites you but does no damage.
The worker ant closely misses you.
You hit the worker ant.
You kill the worker ant!
You hit the adder.
The adder is heavily wounded.
The adder bites you.
You are poisoned.
The adder poisons you! The adder misses you.
The orc hits you but does no damage.
Damage: 2 (max 2)
You barely miss the adder.
The adder is heavily wounded.
You feel sick. The adder closely misses you.
The orc hits you but does no damage.
Damage: 1 (max 2)
You hit the adder.
The adder is almost dead.
You feel sick.
The adder barely misses you. x2; The orc barely misses you.
You barely miss the adder.
The adder is almost dead.
The adder bites you. The orc hits you but does no damage.
Damage: 3 (max 3)
You sock the adder!
You kill the adder!
You feel sick. The orc barely misses you. The orc warrior hits you with a mace!
Damage: 10 (max 10)
You closely miss the orc warrior. The orc hits you but does no damage.
You barely miss the orc warrior.
You headbutt the orc warrior, but do no damage.
The orc warrior hits you with a mace!
* * * LOW HITPOINT WARNING * * *
The orc hits you but does no damage.
Damage: 16 (max 16)
You hit the orc warrior but do no damage.
Your headbutt misses the orc warrior.
You feel sick. The orc warrior hits you with a mace.
* * * LOW HITPOINT WARNING * * *
The orc hits you but does no damage.
Damage: 7 (max 16)
You barely miss the orc warrior. Your headbutt misses the orc warrior.
The orc warrior hits you with a mace!
You die...

##..................###..........
##.###########...................
## ..................... .#
####.....####........... ##
#..##...##.)#..#.#......
#...##.##...#..#.#......
##...#.#...##..#.#...... #.
##.'#.#o.##...#.#......
#...###..@###....#'#......
........8.o...............
....###...###............. ..
##.)#.#).##............
##...#.#...##...........
#...##.##...#...........
#..##...##..#.<.........
####.....####.....#####)
..................#.....


You could see an orc warrior and an orc.

Vanquished Creatures
  The ghost of Curus the Changer, an amateur MfTm (D:3)
  An ogre (D:5)
  A crimson imp (D:5)
  A hound (D:5)
  2 orc wizards
  Jessica (D:3)
  Natasha (twice) (D:1)
  A bullfrog skeleton (D:5)
  2 worker ants (D:5)
  Robin (D:1)
  8 gnolls
  4 adders
  3 worms
  3 dart slugs
  5 leopard geckos
  8 orcs
  A ball python (D:2)
  3 giant cockroaches
  17 goblins
  7 hobgoblins
  4 jackals (D:3)
  3 quokkas
  2 bats (D:1)
  5 frilled lizards
  5 kobolds
  A quokka skeleton (D:5)
  5 rats
97 creatures vanquished.

Notes
Turn   | Place    | Note
-------+----------+-------------------------------------------
     0 | D:1      | Gorice the Demonspawn Wanderer began the quest for the Orb.
     0 | D:1      | Gorice set off with: a +2 mace, a wand of random effects (15), a +0 robe, a ration
     0 | D:1      | Reached XP level 1. HP: 13/13 MP: 4/4
   319 | D:1      | Reached skill level 2 in Maces & Flails
   319 | D:1      | Gained mutation: You have a pair of small horns on your head. [demonic ancestry]
   319 | D:1      | Reached XP level 2. HP: 13/19 MP: 6/6
  1228 | D:1      | Reached skill level 2 in Armour
  1241 | D:2      | Noticed Natasha
  1244 | D:2      | Noticed a crimson imp
  1644 | D:2      | Gained mutation: You have a pair of horns on your head. [demonic ancestry]
  1644 | D:2      | Reached XP level 3. HP: 20/24 MP: 7/7
  1672 | D:1      | HP: 6/24 [Natasha/magic dart (6)]
  1675 | D:1      | Killed Natasha
  1675 | D:1      | Reached skill level 3 in Maces & Flails
  1701 | D:1      | Noticed Natasha
  1702 | D:1      | HP: 5/24 [something/magic dart (4)]
  1903 | D:2      | Learned a level 1 spell: Apportation
  1933 | D:1      | Killed Natasha
  1933 | D:1      | Reached XP level 4. HP: 22/30 MP: 8/8
  2143 | D:2      | Noticed Robin
  2555 | D:1      | Killed Robin
  2690 | D:2      | Found a stormy altar of Qazlal.
  2691 | D:2      | Noticed a fire elemental
  2693 | D:2      | Noticed a water elemental
  2693 | D:2      | Noticed an earth elemental
  2693 | D:2      | Noticed an air elemental
  3057 | D:3      | HP: 9/30 [gnoll/halberd of flaming (5)]
  3058 | D:3      | HP: 3/30 [shot self (6)]
  3352 | D:3      | Reached XP level 5. HP: 35/35 MP: 9/9
  3522 | D:3      | Reached skill level 4 in Maces & Flails
  3522 | D:3      | Reached skill level 3 in Armour
  3618 | D:3      | HP: 8/35 [gnoll/spear (5)]
  4028 | D:3      | Noticed Jessica
  4031 | D:3      | Killed Jessica
  4100 | D:3      | Found a sacrificial altar of Ru.
  4240 | D:3      | Noticed Curus's ghost (amateur MfTm)
  4250 | D:3      | Killed Curus's ghost
  4250 | D:3      | Reached skill level 5 in Maces & Flails
  4250 | D:3      | Gained mutation: You have a pair of large horns on your head. [demonic ancestry]
  4250 | D:3      | Reached XP level 6. HP: 35/41 MP: 10/10
  5507 | D:5      | Entered Level 5 of the Dungeon
  5537 | D:5      | Found Qelor's Magic Scroll Shop.
  5808 | D:5      | Found Vuiza's Jewellery Shoppe.
  5904 | D:5      | Reached skill level 4 in Armour
  5904 | D:5      | Gained mutation: You sometimes gain a little power by taking damage. [demonic ancestry]
  5904 | D:5      | Reached XP level 7. HP: 34/46 MP: 11/11
  6112 | D:5      | Reached skill level 6 in Maces & Flails
  6178 | D:5      | HP: 10/46 [orc warrior/mace (16)]
  6179 | D:5      | HP: 3/46 [orc warrior/mace (6)]
  6180 | D:5      | Slain by an orc warrior

Vault maps used:
D:1:      zaba_arrival_water, hex_intersection
D:2:      serial_glass, glass_columns_a, glass_columns_c,
          nicolae_qazlal_style_of_elements, uniq_robin, uniq_natasha
D:3:      first_ration, portal_sewer_entry_e, hangedman_ru_absence, uniq_jessica
D:4:      kennysheep_generic_room_5
D:5:      cheibrodos_barr_body, serial_shops, kennysheep_mini_moat,
          nicolae_shop_crystal, serial_bayou_pond_e, serial_bayou_pond_b

Skill      XL: |  1  2  3  4  5  6  7 |
---------------+----------------------+-----
Maces & Flails | 2 3 5 6 |  6.2
Armour         | 2 3 4 |  4.4
Stealth        | |  1.0
Spellcasting   | |  3.0
Conjurations   | |  1.0
Translocations | |  1.0
Evocations     | |  1.0

Action                   |  1- 3 |  4- 6 |  7- 9 || total
-------------------------+-------+-------+-------++-------
Melee: Mace              |    75 |   127 |    46 ||   248
       Headbutt          |     8 |    17 |     8 ||    33
 Fire: Hunting sling     |       |    27 |       ||    27
Throw: Javelin           |     6 |     7 |       ||    13
Evoke: Wand              |     6 |     2 |       ||     8
  Use: Scroll            |     6 |     3 |       ||     9
       Potion            |     1 |       |       ||     1
 Stab: Sleeping          |     3 |       |       ||     3
  Eat: Chunk             |     3 |    13 |     1 ||    17
Armor: Scale mail        |    44 |    64 |       ||   108
       Robe              |     1 |       |       ||     1
       Ring mail         |       |     1 |    11 ||    12
Dodge: Dodged            |    40 |    66 |    31 ||   137

Table legend:
 A = Spawn XP
 B = Non-spawn XP
 C = Spawn XP percentage of total XP
 D = Spawn monster count
 E = Non-spawn monster count
 F = Spawn count percentage of total count
 G = Total turns spent on level
                    A         B        C        D         E        F      G
               +---------+---------+-------+---------+---------+-------+---------
         Total |       0 |     998 |   0.0 |       0 |      97 |   0.0 |  6180
               +---------+---------+-------+---------+---------+-------+---------
           D:1 |       0 |     142 |   0.0 |       0 |      34 |   0.0 |  2212
           D:2 |       0 |      34 |   0.0 |       0 |      15 |   0.0 |  1086
           D:3 |       0 |     332 |   0.0 |       0 |      23 |   0.0 |  1251
           D:4 |       0 |      23 |   0.0 |       0 |       4 |   0.0 |   958
           D:5 |       0 |     467 |   0.0 |       0 |      21 |   0.0 |   673
               +---------+---------+-------+---------+---------+-------+---------

Table legend:
 A = Turns spent in this place as a percentage of turns spent in the entire game.
 B = Non-inter-level travel turns spent in this place as a percentage of non-inter-level travel turns spent in the entire game.
 C = Inter-level travel turns spent in this place as a percentage of turns spent in this place.
 D = Turns resting spent in this place as a percentage of non-inter-level travel turns spent in this place.
 E = Turns spent auto-exploring this place as a percentage of non-inter-level travel turns spent in this place.
 F = Non-inter-level travel turns spent in this place divided by the number of levels of this place that you've seen.
                   A       B       C       D       E      F
               +-------+-------+-------+-------+-------+----------------------
         Total | 100.0 | 100.0 |   3.5 |  31.7 |  40.1 | 1193.0
       Dungeon | 100.0 | 100.0 |   3.5 |  31.7 |  40.1 | 1193.0
               +-------+-------+-------+-------+-------+----------------------

Vault maps used:
D:1:      zaba_arrival_water, hex_intersection
D:2:      serial_glass, glass_columns_a, glass_columns_c,
          nicolae_qazlal_style_of_elements, uniq_robin, uniq_natasha
D:3:      first_ration, portal_sewer_entry_e, hangedman_ru_absence, uniq_jessica
D:4:      kennysheep_generic_room_5
D:5:      cheibrodos_barr_body, serial_shops, kennysheep_mini_moat,
          nicolae_shop_crystal, serial_bayou_pond_e, serial_bayou_pond_b
